AoeStats
← Rado

Arena

510291994Analyzed
2v2 RM · 20h ago on Sep 30, 2026· 55m 31s· 4 players
Game mode
Random Map
Map size
Medium (4 player)
Population
200
Speed
Normal
Resources
Standard
Victory
Conquest
Starting age
Dark Age
Ending age
Imperial Age
RankedLock teamsTeams togetherTeam positionsShared explorationLock speedFull tech treeHidden civsTurbo modeCheats
Victory
Defeat
🇸🇰 Cumans · Slovakia
1039
+15
🇧🇦 Khmer · Bosnia & Herzegovina
984
+17
🇦🇺 Italians · Australia
1012
-16
🇨🇳 Franks · China
1012
-16
Flux
0:39 Loom
11:47 Feudal Age
15:58 Castle Age
17:07 Fletching
31:31 Imperial Age
30:27 Bodkin Arrow
31:26 Double-Bit Axe
31:25 Horse Collar
36:12 Bracer
38:08 Chemistry
37:19 Padded Archer Armor
38:15 Ballistics
22155426
1:18 Loom
14:54 Feudal Age
15:39 Double-Bit Axe
17:30 Wheelbarrow
18:50 Town Watch
21:34 Castle Age
20:55 Scale Barding Armor
21:01 Gold Mining
21:48 Forging
26:31 Bow Saw
26:53 Fletching
38:08 Chain Barding Armor
40:37 Hand Cart
42:59 Iron Casting
46:19 Imperial Age
43:14 Pikeman
46:43 Bodkin Arrow
46:49 Scale Mail Armor
46:50 Padded Archer Armor
46:37 Cavalier
47:18 Halberdier
53:24 Blast Furnace
52:40 Chain Mail Armor
53:01 Plate Barding Armor
52:42 Leather Archer Armor
Rado
6:17 Loom
9:09 Feudal Age
10:04 Double-Bit Axe
15:37 Wheelbarrow
20:13 Bloodlines
20:10 Scale Barding Armor
20:16 Forging
26:36 Castle Age
25:47 Horse Collar
37:02 Town Watch
42:32 Heavy Plow
47:14 Imperial Age
50:10 Hand Cart
50:31 Crop Rotation
52:40 Bow Saw
Extremeborg
11:35 Feudal Age
9:50 Loom
15:43 Castle Age
13:56 Double-Bit Axe
14:15 Horse Collar
15:06 Gold Mining
16:59 Wheelbarrow
21:09 Heavy Plow
22:11 Bow Saw
24:39 Gold Shaft Mining
28:12 Imperial Age
27:01 Hand Cart
26:37 Town Watch
28:00 Scale Barding Armor
28:05 Forging
27:57 Padded Archer Armor
27:48 Fletching
29:14 Conscription
30:06 Double Crossbow
31:11 Chemistry
31:06 Chain Barding Armor
30:59 Husbandry
31:14 Bloodlines
32:30 Plate Barding Armor
32:13 Elite Ballista Elephant
32:59 Bodkin Arrow
33:26 Leather Archer Armor
34:17 Ballistics
34:40 Bracer
35:12 Ring Archer Armor
34:49 Siege Engineers
35:18 Masonry
35:19 Fortified Wall
35:49 Iron Casting
34:46 Elite Skirmisher
36:54 Town Patrol
37:53 Architecture
38:48 Blast Furnace
38:26 Elite Battle Elephant
41:47 Tusk Swords
46:13 Devotion
51:00 Capped Ram
52:02 Siege Ram
Connection lost

Rejoining the realm…

Still unreachable

The connection could not be restored.

Session expired

The server has moved on; the page needs a fresh start.